 Dungeon Crawl Stone Soup version 0.31-a0-441-g867994ef1c (webtiles) character file.

Game seed: 5322835939941012777

10 Gelion the Changeling (level 2, 0/18 HPs)
             Began as an Octopode Shapeshifter on Aug 3, 2023.
             Slain by a jackal (2 damage)
             ... on level 1 of the Dungeon.
             The game lasted 00:00:25 (199 turns).

Gelion the Changeling (Octopode Shapeshifter)        Turns: 199, Time: 00:00:25

Health: 0/18       AC:  1    Str: 14    XL:     2   Next: 20%
Magic:  2/2        EV: 13    Int: 10    God:
Gold:   18         SH:  0    Dex: 12    Spells: 1/1 levels left

rFire   . .          .
                       - Unarmed
rCold   . . .        (no shield)
rNeg    . . .        (helmet currently unavailable)
rPois   .            (no amulet)
rElec   .            (no ring)
rCorr   .            (no ring)
SInv    .            (no ring)
Will    .....        (no ring)
Stlth   ++           (no ring)
HPRegen 0.23/turn    (no ring)
MPRegen 0.08/turn    (no ring)
                     (no ring)

%: no passive effects
@: beast-form
A: beast (slay +2), almost no armour, amphibious, 8 rings, camouflage 1,
gelatinous body 1, (nimble swimmer 1), tentacles
a: Begin Untransformation


You were on level 1 of the Dungeon.
You were a hulking beast.
You visited 1 branch of the dungeon, and saw 1 of its levels.

You collected 18 gold pieces.

Inventory:

Talismans
 b - a beast talisman (active)
Scrolls
 c - a scroll of identify {unknown}
Potions
 a - a potion of lignification
 d - 2 potions of cancellation {unknown}
 e - a potion of haste {unknown}


   Skills:
 + Level 1.3 Fighting
 - Level 2.0 Dodging
 + Level 3.1 Unarmed Combat
 * Level 3.2 Shapeshifting


You had one spell level left.
You didn't know any spells.
Your spell library was empty.

Dungeon Overview and Level Annotations

Branches:
Dungeon (1/15)

Altars:


Innate Abilities, Weirdness & Mutations

You are a hulking beast.
Your limbs bulge with bestial killing power. (Slay +2)
You cannot wear most types of armour.
You are amphibious.
You can wear up to eight rings at the same time.
Your skin changes colour to match your surroundings (Stealth+).
Your rubbery body absorbs attacks. (AC +1, EV +1)
((You are camouflaged when in or above water. (Stealth+)))
You have tentacles for arms and can constrict up to eight enemies at once.


Message History

The jackal barks!
A jackal comes into view.
The bat moves out of view.
Found 6 gold pieces.
You barely miss the jackal.
The jackal barks! x2
You grab the jackal. You constrict the jackal.
The jackal escapes!
You barely miss the jackal. You grab the jackal. You squeeze the jackal.
You kill the jackal!
The jackal closely misses you.
You have reached level 2!
You closely miss the jackal. Your grab misses the jackal. The jackal bites you.
The hobgoblin barely misses you. The jackal closely misses you.
You closely miss the jackal. Your grab misses the jackal.
Your squeeze misses the jackal. The hobgoblin hits you. The jackal bites you.
You tentacle-slap the jackal. You grab the jackal. You squeeze the jackal.
You kill the jackal!
The bat hits you but does no damage. The rat barely misses you.
The hobgoblin barely misses you. The bat hits you but does no damage.
You closely miss the bat. You grab the bat. You constrict the bat.
The bat closely misses you. The bat hits you. The rat barely misses you.
The hobgoblin misses you. The jackal bites you.
You are too injured to fight recklessly!
You are too injured to fight recklessly!
You barely miss the bat.
Your tentacle-slap misses the bat.
You constrict the bat. The bat hits you. The bat closely misses you.
The jackal bites you. The rat closely misses you. The hobgoblin hits you.
Unknown command.
You tentacle-slap the bat.
You kill the bat!
The jackal bites you.
* * * LOW HITPOINT WARNING * * *
The hobgoblin misses you. The rat misses you.
The jackal attacks as you move away! The jackal closely misses you.
The rat bites you.
* * * LOW HITPOINT WARNING * * *
The hobgoblin closely misses you. The jackal bites you.
* * * LOW HITPOINT WARNING * * *
The jackal attacks as you move away! The jackal bites you.
You die...

## ### ..## #.. #$#. ..##
# .##...# #...#.. ....#..
..#...# ..#....#....#..
.#...#.....#...#
.......#h#......
#.#.#..rhg..#.#.
......#...#.....
...#....#....#..
##.....#...#.....#...#..
...#.#.......#.#....... #
........#.#.......#.#.#.#
..#...#†....#...#.....#.#
....#....#....#....#.#..#


You could see a jackal, a hobgoblin and a rat.

Vanquished Creatures
  A bat (D:1)
  2 goblins (D:1)
  2 hobgoblins (D:1)
  2 jackals (D:1)
  A rat (D:1)
8 creatures vanquished.

Notes
Turn   | Place    | Note
-------+----------+-------------------------------------------
     0 | D:1      | Gelion the Octopode Shapeshifter began the quest for the
                  | Orb.
     0 | D:1      | Reached XP level 1. HP: 13/13 MP: 1/1
   192 | D:1      | Reached XP level 2. HP: 18/18 MP: 2/2
   199 | D:1      | Slain by a jackal

Illustrated notes

Levels and vault maps discovered:
D:1:      amcnicky_arrival_blooded_trapdoor, layout_loops_cross,
          nicolae_kite_square_tiling_tiny, amcnicky_mini_rare_corridor_liquid

Action                     || total
---------------------------++-------
  Melee: Unarmed           ||    14
         Constrict         ||     5
         Tentacles         ||     3
   Stab: Sleeping          ||     1
 Armour: Skin              ||     2
  Dodge: Dodged            ||    16

Table legend: (Time is in decaauts)
 A = Elapsed time spent in this place.
 B = Non-inter-level travel time spent in this place.
 C = Inter-level travel time spent in this place.
 D = Time resting spent in this place.
 E = Time spent auto-exploring this place.
 F = Levels seen in this place.
 G = Mean time per level.
                   A        B        C        D        E       F      G
               +--------+--------+--------+--------+--------+-----+--------+
         Total |    198 |    198 |      0 |      0 |    150 |   1 |  198.0 |
       Dungeon |    198 |    198 |      0 |      0 |    150 |   1 |  198.0 |
               +--------+--------+--------+--------+--------+-----+--------+

Top non-repeatable levels by time:
     D:1: 198 daAuts
